 Dungeon Crawl Stone Soup version 0.27-a0-346-ga689d4a613 (webtiles) character file.

Game seed: 4251200370835561608

393 jestyr24 the Skirmisher (level 6, -5/57 HPs)
             Began as a Minotaur Abyssal Knight on Feb 15, 2021.
             Was a Priest of Lugonu.
             Slain by an ogre
             ... wielding a +0 giant club
              (10 damage)
             ... on level 4 of the Dungeon.
             The game lasted 00:08:34 (2820 turns).

jestyr24 the Skirmisher (Minotaur Abyssal Knight)   Turns: 2820, Time: 00:08:34

Health: -5/57      AC: 13    Str: 19    XL:     6   Next: 51%
Magic:  6/6        EV: 11    Int:  9    God:    Lugonu [***...]
Gold:   142        SH:  0    Dex:  9    Spells: 5/5 levels left

rFire    . . .     SeeInvis .   b - +2 dagger (protect)
rCold    . . .     Faith    .   (no shield)
rNeg     . . .     Spirit   .   c - +0 ring mail
rPois    .         Reflect  .   (helmet restricted)
rElec    .         Harm     .   (no cloak)
rCorr    .         Rampage  .   (no gloves)
Will     .....                  (no boots)
Stlth    ..........             (no amulet)
HPRegen  0.19/turn              (no ring)
MPRegen  0.10/turn              (no ring)

@: protection aura
A: retaliatory headbutt, horns 2
a: Renounce Religion, Depart the Abyss, Bend Space, Banish


You were on level 4 of the Dungeon.
You worshipped Lugonu.
Lugonu was most pleased with you.
You visited 1 branch of the dungeon, and saw 4 of its levels.
You visited the Abyss 1 time.

You collected 142 gold pieces.

Inventory:

Hand Weapons
 a - a +1 hand axe
 b - a +2 dagger of protection (weapon)
 f - a +0 dagger of speed
Armour
 c - a +0 ring mail (worn)
Scrolls
 g - 3 scrolls of identify {unknown}
 h - a scroll of blinking {unknown}
 i - a scroll of enchant weapon {unknown}
 j - a scroll of amnesia {unknown}
 l - a scroll of fog {unknown}
 n - 3 scrolls of teleportation {unknown}
Potions
 d - 2 potions of brilliance {unknown}
 e - 2 potions of heal wounds {unknown}
 k - 3 potions of curing {unknown}
 m - 2 potions of degeneration {unknown}
 o - 2 potions of lignification {unknown}
 p - a potion of might {unknown}


   Skills:
 + Level 5.8 Fighting
 + Level 3.1 Axes
 + Level 5.4 Armour
 + Level 3.4 Dodging
 + Level 2.1 Invocations


You had 5 spell levels left.
You didn't know any spells.
Your spell library was empty.

Dungeon Overview and Level Annotations

Branches:
Dungeon (4/15)
 Temple: D:4-7

Altars:
Ashenzari
Cheibriados
Dithmenos
Elyvilon
Gozag
Makhleb
Qazlal
Trog


Innate Abilities, Weirdness & Mutations

You reflexively headbutt those who attack you in melee.
You have a pair of horns on your head.


Message History

Your experience leads to an increase in your attributes!
Increase (S)trength, (I)ntelligence, or (D)exterity?
You feel stronger.
Things that are here:
a +0 scythe; a +0 robe You start resting.
HP restored.
k - 3 cyan potions (gained 1)
Found a stone staircase leading down.
An ogre comes into view. It is wielding a +0 giant club.
You see here 11 gold pieces.
You hit the ogre.
Your weapon exudes an aura of protection.
You headbutt the ogre!
The ogre is heavily wounded.
The ogre hits you with a +0 giant club!!
You hit the ogre.
You headbutt the ogre, but do no damage.
The ogre is severely wounded.
You barely miss the ogre.
The ogre is severely wounded.
The ogre hits you with a +0 giant club.
You barely miss the ogre.
You headbutt the ogre, but do no damage.
The ogre is severely wounded.
The ogre closely misses you.
You hit the ogre.
The ogre is severely wounded.
The ogre hits you with a +0 giant club!
* * * LOW HITPOINT WARNING * * *
You hit the ogre.
The ogre is severely wounded.
You hit the ogre. Your headbutt misses the ogre.
The ogre is severely wounded.
The ogre hits you with a +0 giant club!
* * * LOW HITPOINT WARNING * * *
You hit the ogre.
The ogre is almost dead.
The ogre hits you with a +0 giant club!
You die...

..... .......
......##.......
#...............
................
................
.....#..........
#.....O........
.....###.....@........
.........##...........
....... #....$.......
....... ###..#........
.......##.............
.......#........[.....
......................
.......<)............#
.......#......##....##


You could see an ogre.

Vanquished Creatures
  Sigmund (D:4)
  A bullfrog (D:3)
  Jessica (D:2)
  A hound zombie (D:2)
  Robin (D:2)
  An adder (D:2)
  A worm (D:3)
  3 dart slugs
  3 leopard geckos
  2 orcs
  15 bats
  4 giant cockroaches
  15 goblins
  16 hobgoblins
  9 jackals
  2 quokkas
  4 ball pythons
  4 frilled lizards
  5 kobolds
  5 rats (D:1)
94 creatures vanquished.

Notes
Turn   | Place    | Note
-------+----------+-------------------------------------------
     0 | Abyss:1  | jestyr24 the Minotaur Abyssal Knight began the quest for
                  | the Orb.
     0 | Abyss:1  | Reached XP level 1. HP: 19/19 MP: 1/1
   151 | Abyss:1  | Found a corrupted altar of Lugonu.
   155 | Abyss:1  | Noticed a red draconian stormcaller
   157 | Abyss:1  | Noticed a komodo dragon
   157 | Abyss:1  | Noticed a rime drake
   157 | D:1      | Escaped the Abyss
   408 | D:1      | Reached XP level 2. HP: 26/27 MP: 2/2
   517 | D:1      | Reached * piety under Lugonu
   728 | D:1      | Reached XP level 3. HP: 32/34 MP: 3/3
  1468 | D:2      | Noticed Jessica
  1472 | D:2      | Killed Jessica
  1473 | D:2      | Reached skill level 5 in Fighting
  1473 | D:2      | Reached XP level 4. HP: 40/42 MP: 4/4
  1501 | D:2      | Noticed Robin
  1529 | D:2      | Reached ** piety under Lugonu
  1534 | D:2      | Killed Robin
  1772 | D:2      | Reached XP level 5. HP: 48/48 MP: 5/5
  2238 | D:3      | Found a white marble altar of Elyvilon.
  2240 | D:3      | Found a broken altar of Ashenzari.
  2262 | D:3      | Found a shadowy altar of Dithmenos.
  2263 | D:3      | Found a burning altar of Makhleb.
  2263 | D:3      | Found a snail-covered altar of Cheibriados.
  2264 | D:3      | Found an opulent altar of Gozag.
  2315 | D:3      | Reached *** piety under Lugonu
  2376 | D:3      | Found a bloodstained altar of Trog.
  2499 | D:3      | Found a stormy altar of Qazlal.
  2690 | D:4      | Noticed Sigmund
  2721 | D:4      | Killed Sigmund
  2722 | D:4      | Reached skill level 5 in Armour
  2722 | D:4      | Reached XP level 6. HP: 41/57 MP: 6/6
  2820 | D:4      | Slain by an ogre

Illustrated notes

Levels and vault maps discovered:
D:1:      dpeg_arrival_subterranean_lakeside_camping, layout_basic
D:2:      layout_loops_cross, uniq_jessica, uniq_robin
D:3:      layout_rooms, lemuel_doored_altar, minitemple,
          trog_three_pillars_becter
D:4:      layout_cave_pools, serial_shops, shop, doesnt_xom_only_xom,
          uniq_sigmund, uniq_crazy_yiuf_cottage

Skill      XL: |  1  2  3  4  5 |
---------------+----------------+-----
Fighting       | 4 5 |  5.8
Invocations    | 2 |  2.1
Armour         | 3 5 |  5.4
Axes           | 3 |  3.1
Dodging        | 3 |  3.4

Action                   |  1- 3 |  4- 6 || total
-------------------------+-------+-------++-------
Melee: Hand axe          |    25 |       ||    25
       Headbutt          |    14 |    29 ||    43
       Dagger            |    70 |   165 ||   235
Invok: Depart the Abyss  |     1 |       ||     1
Armor: Leather armour    |     5 |       ||     5
       Ring mail         |    32 |    56 ||    88
Dodge: Dodged            |    55 |    98 ||   153

Table legend: (Time is in decaauts)
 A = Elapsed time spent in this place.
 B = Non-inter-level travel time spent in this place.
 C = Inter-level travel time spent in this place.
 D = Time resting spent in this place.
 E = Time spent auto-exploring this place.
 F = Levels seen in this place.
 G = Mean time per level.
                   A        B        C        D        E       F      G
               +--------+--------+--------+--------+--------+-----+--------+
         Total |   2827 |   2746 |     81 |    244 |   1691 |   5 |  565.4 |
       Dungeon |   2670 |   2589 |     81 |    244 |   1539 |   4 |  667.5 |
         Abyss |    157 |    157 |      0 |      0 |    152 |   1 |  157.0 |
               +--------+--------+--------+--------+--------+-----+--------+

Top non-repeatable levels by time:
     D:1: 1280 daAuts
     D:2: 711 daAuts
     D:3: 547 daAuts
 Abyss:1: 157 daAuts
     D:4: 129 daAuts
